 Dungeon Crawl Stone Soup version 0.28.0 (webtiles) character file.

Game seed: 12946531082225495774

69 SnakkuSnakku7 the Skirmisher (level 4, -5/41 HPs)
             Began as a Hill Orc Fighter on Feb 16, 2022.
             Killed by nerve-wracking pain
             ... invoked by Grinder
              (8 damage)
             ... while paralysed by Grinder
             ... on level 3 of the Dungeon.
             The game lasted 00:02:02 (1633 turns).

SnakkuSnakku7 the Skirmisher (Hill Orc Fighter)     Turns: 1633, Time: 00:02:03

Health: -5/41      AC:  8    Str: 20    XL:     4   Next: 20%
Magic:  4/4        EV:  2    Int:  8    God:
Gold:   74         SH:  0    Dex: 10    Spells: 3/3 levels left

rFire   . . .      SeeInvis .   a - +0 war axe
rCold   . . .      Faith    .   p - orb {*Rage}
rNeg    . . .      Spirit   .   o - +0 scale mail
rPois   .          Reflect  .   m - +0 helmet
rElec   .          Harm     .   (no cloak)
rCorr   .          Rampage  .   (no gloves)
Will    .....      Rage     20% (no boots)
Stlth   ..........              (no amulet)
HPRegen 0.13/turn               (no ring)
MPRegen 0.09/turn               (no ring)

@: paralysed
A: no striking features
a: no special abilities


You were on level 3 of the Dungeon.
You visited 1 branch of the dungeon, and saw 3 of its levels.

You collected 87 gold pieces.
You spent 13 gold pieces at shops.

Inventory:

Hand Weapons
 a - a +0 war axe (weapon)
 b - a +2 dagger of venom
Missiles
 l - 6 curare-tipped darts (quivered)
Armour
 c - a +0 buckler
 m - a +0 helmet (worn)
 o - a +0 scale mail (worn)
 p - an orb of wrath (worn)
Scrolls
 e - 3 scrolls of identify {unknown}
 h - a scroll of teleportation {unknown}
 j - a scroll of enchant weapon {unknown}
 n - 3 scrolls of immolation {unknown}
Potions
 d - a potion of might
 f - 3 potions of curing {unknown}
 g - 2 potions of resistance {unknown}
 i - a potion of berserk rage {unknown}
 k - a potion of lignification {unknown}


   Skills:
 + Level 4.9 Fighting
 + Level 4.5 Axes
 - Level 3.2 Armour
 - Level 3.2 Shields


You had 3 spell levels left.
You didn't know any spells.
Your spell library contained the following spells:

 Spells                   Type           Power      Damage    Failure   Level
 Conjure Ball Lightning   Conj/Air       0%         3x3d6     100%        6
 Discord                  Hex            0%         N/A       100%        8
 Disjunction              Tloc           0%         N/A       100%        8


Dungeon Overview and Level Annotations

Branches:
Dungeon (3/15)

Altars:

Shops:
D:1 !

Annotations:
D:2 Sigmund
D:3 Grinder


Message History

(D) Dungeon
Where to? (Enter - D:2 @ (x,y), ? - help)
There is a stone staircase leading down here.
You climb downwards.
There is a stone staircase leading up here.
Grinder comes into view.
She is carrying a wand of flame (6).
Grinder shouts!
Grinder is nearby!
Grinder is nearby!
You slash Grinder!
Grinder is moderately wounded.
Grinder gestures at you.
You barely resist. Grinder hits you!
You writhe in agony.
You closely miss Grinder.
Grinder is moderately wounded.
Grinder zaps a wand.
The puff of flame hits you.
An adder comes into view.
You closely miss Grinder.
Grinder is moderately wounded.
The adder hisses angrily.
Grinder hits you.
You slash Grinder!
Grinder is heavily wounded.
Grinder gestures at you.
You suddenly lose the ability to move!
Grinder gestures at you. Pain shoots through your body!
Grinder barely misses you.
Grinder zaps a wand.
The puff of flame hits you but does no damage.
Grinder hits you!
* * * LOW HITPOINT WARNING * * *
You writhe in agony.
* * * LOW HITPOINT WARNING * * *
Grinder hits you but does no damage. Grinder gestures at you.
You resist with significant effort. Grinder gestures at you.
Pain shoots through your body!
You die...

####
.S#
#5#
####@#
#....#
##.###
#.#
#<#
###


You could see Grinder and an adder.

Vanquished Creatures
  Robin (D:1)
  An adder (D:2)
  3 dart slugs
  2 endoplasms
  A giant cockroach (D:2)
  11 goblins
  6 hobgoblins
  2 jackals (D:2)
  A quokka (D:1)
  2 ball pythons (D:1)
  A bat (D:2)
  2 kobolds (D:2)
  6 rats
39 creatures vanquished.

Notes
Turn   | Place    | Note
-------+----------+-------------------------------------------
     0 | D:1      | SnakkuSnakku7 the Hill Orc Fighter began the quest for the
                  | Orb.
     0 | D:1      | Reached XP level 1. HP: 19/19 MP: 1/1
    54 | D:1      | Reached XP level 2. HP: 27/27 MP: 2/2
   332 | D:1      | Found Fibbap's Distillery.
   337 | D:1      | Bought a potion of degeneration for 13 gold pieces
   372 | D:2      | Reached XP level 3. HP: 21/34 MP: 3/3
   406 | D:2      | Noticed Sigmund
   542 | D:2      | Noticed Robin
   701 | D:1      | Killed Robin
  1045 | D:2      | Reached XP level 4. HP: 40/41 MP: 4/4
  1622 | D:3      | Noticed Grinder
  1627 | D:3      | Paralysed by Grinder for 7 turns
  1630 | D:3      | HP: 2/41 [Grinder (5)]
  1633 | D:3      | Killed from afar by Grinder

Illustrated notes

Levels and vault maps discovered:
D:1:      tarquinn_simple_flora_water_b, layout_rooms, serial_shops,
          nicolae_shop_hallway_stairs, minmay_pentomino_s2
D:2:      wander_river, layout_loops_ring, dk_noncrumbling_2,
          minmay_fractal_squares_gapless_5, uniq_robin, uniq_sigmund
D:3:      layout_basic, lemuel_coloured_pillars_altar, minmay_misc_feat_plants,
          uniq_grinder, uniq_terence

Skill      XL: |  1  2  3 |
---------------+----------+-----
Axes           | 3 4 |  4.5
Fighting       | 4 |  4.9
Armour         | |  3.2
Shields        | |  3.2

Action                   |  1- 3 |  4- 6 || total
-------------------------+-------+-------++-------
Melee: War axe           |    70 |    21 ||    91
Throw: Dart              |     1 |       ||     1
Armor: Scale mail        |    31 |    11 ||    42
Dodge: Dodged            |    42 |     9 ||    51
Block: Buckler           |    21 |     1 ||    22
